 Dungeon Crawl Stone Soup version 0.32-a0-41-gec2d92a (webtiles) character file.

Game seed: 3221495480278552330

5420 thederpypig the Mimic (level 10, -1/62 (63) HPs)
             Began as a Yellow Draconian Shapeshifter on Jan 25, 2024.
             Was a Believer of Hepliaklqana.
             Slain by a killer bee (8 damage)
             ... on level 7 of the Dungeon.
             The game lasted 00:17:25 (9046 turns).

thederpypig the Mimic (DrSh)                        Turns: 9046, Time: 00:17:25

HP:   -1/62 (63)    AC:  9    Str: 20    XL:     10   Next: 40%
MP:   7/10          EV: 16    Int: 13    God:    Hepliaklqana [**....]
Gold: 223           SH:  0    Dex: 11    Spells: 0/9 levels left

rFire   . .          .
                       - Unarmed
rCold   . . .        (shield currently unavailable)
rNeg    . . .        (body armour unavailable)
rPois   .            (helmet restricted)
rElec   .            v - +0 cloak {rCorr}
rCorr   +            o - +0 pair of gloves
SInv    .            (no boots)
Will    .....        (no amulet)
Stlth   +            (no ring)
HPRegen 0.30/turn    (no ring)
MPRegen 0.12/turn

%: no passive effects
@: swift, flux-form, glowing, lightly drained, very quick
A: glow, contaminating, reduced essence, spit acid, AC +7, unfitting armour,
cold-blooded, acid resistance, strong 1
a: Breathe Acid, Begin Untransformation, Renounce Religion, Recall Ancestor,
Ancestor Identity


You were on level 7 of the Dungeon.
You worshipped Hepliaklqana.
Hepliaklqana was pleased with you.
You were something dangerously unstable.
You visited 1 branch of the dungeon, and saw 8 of its levels.

You collected 357 gold pieces.
You spent 134 gold pieces at shops.

Inventory:

Armour
 o - a +0 pair of gloves (worn)
 p - the +1 robe "Fecoenoj" {^Contam Str-5 Int+5 Slay+3}
   (You found it on level 2 of the Dungeon)

   Str-5:     It affects your strength (-5).
   Int+5:     It affects your intelligence (+5).
   Slay+3:    It affects your accuracy & damage with ranged weapons and melee
   (+3).
   ^Contam:   It causes magical contamination when unequipped.
 v - a +0 cloak of preservation (worn)
Talismans
 b - a beast talisman
 c - a flux talisman (active)
Wands
 h - a wand of iceblast (8)
 j - a wand of flame (36)
 A - a wand of mindburst (9)
 C - a wand of polymorph (3)
 D - a wand of quicksilver (6)
Scrolls
 d - 2 scrolls of enchant weapon {unknown}
 e - 2 scrolls of amnesia {unknown}
 l - a scroll of silence {unknown}
 m - 2 scrolls of vulnerability {unknown}
 n - 3 scrolls of blinking
 r - 2 scrolls of noise {unknown}
 s - a scroll of fog {unknown}
 u - 2 scrolls of poison {unknown}
 w - 2 scrolls of identify
 y - a scroll of acquirement {unknown}
Potions
 a - a potion of lignification
 f - a potion of degeneration {unknown}
 g - 3 potions of enlightenment
 i - a potion of curing
 k - 2 potions of might {unknown}
 q - 3 potions of invisibility
 t - a potion of mutation
 x - a potion of brilliance {unknown}
 z - a potion of attraction {unknown}
 B - a potion of cancellation {unknown}


   Skills:
 - Level 1.1 Fighting
 - Level 1.7 Dodging
 - Level 7.4 Unarmed Combat
 + Level 2.3 Necromancy
 - Level 8.4 Air Magic
 + Level 10.5 Shapeshifting


You couldn't memorise any spells.
You knew the following spells:

 Your Spells              Type           Power      Damage    Failure   Level
a - Swiftness             Air            22%        N/A       3%          3
b - Death Channel         Necr           3%         N/A       100%        6

Your spell library contained the following spells:

 Spells                   Type           Power      Damage    Failure   Level
 Static Discharge         Conj/Air       20%        3-4/arc   9%          2
 Airstrike                Air            11%        2d(2-18)  10%         4
 Cigotuvi's Dreadful Rot  Necr/Alch/Air  18%        N/A       11%         2
 Sublimation of Blood     Necr           6%         N/A       19%         2
 Magic Dart               Conj           0%         1d3       30%         1
 Blink                    Tloc           0%         N/A       43%         2
 Call Imp                 Summ           0%         N/A       43%         2
 Ensorcelled Hibernation  Hex/Ice        0%         N/A       43%         2
 Lesser Beckoning         Tloc           0%         N/A       43%         2
 Summon Lightning Spire   Summ/Air       10%        N/A       50%         4
 Call Canine Familiar     Summ           0%         N/A       67%         3
 Gell's Gravitas          Tloc           0%         N/A       67%         3
 Passwall                 Erth           0%         N/A       67%         3
 Sigil of Binding         Hex            0%         N/A       67%         3
 Teleport Other           Tloc           0%         N/A       67%         3
 Volatile Blastmotes      Fire/Tloc      0%         2d10      67%         3
 Dispel Undead            Necr           6%         3d8       75%         4
 Martyr's Knell           Necr/Summ      3%         N/A       88%         4
 Dimensional Bullseye     Hex/Tloc       0%         N/A       97%         4
 Fulminant Prism          Conj/Alch      0%         3d5       97%         4
 Iskenderun's Mystic Bla  Conj/Tloc      0%         2d3       97%         4
 Petrify                  Alch/Erth      0%         N/A       97%         4
 Irradiate                Conj/Alch      0%         3d11      100%        5


Dungeon Overview and Level Annotations

Branches:
Dungeon (8/15)             Temple (0/1) D:6
   Lair: D:8-11

Altars:
Dithmenos
Hepliaklqana
Ru
Uskayaw
Wu Jian

Shops:
D:4 *![


Innate Abilities, Weirdness & Mutations

You are something dangerously unstable.
You glow with magical radiation, making you easy to see and hit.
Foes you strike become dangerously contaminated with magical radiation.
You are incapable of wielding weapons or throwing items.
Your life essence is reduced to manifest your ancestor. (-10% HP)
You can spit globs of acid.
Your golden yellow scales are hard. (AC +7)
You cannot fit into any form of body armour.
You are cold-blooded and may be slowed by cold attacks.
You are resistant to acid. (rCorr)
Your muscles are strong. (Str +4, Int/Dex -1)


Message History

Unknown command.
Unknown command.
Unknown command.
Unknown command.
Unknown command.
Unknown command.
Unknown command.
Unknown command.
Unknown command.
Unknown command.
You feel better. The killer bee stings you.
* * * LOW HITPOINT WARNING * * *
The gnoll sergeant barely misses you. The orc warrior barely misses you.
The orc hits you with a +0 whip.
* * * LOW HITPOINT WARNING * * *
The killer bee closely misses you.
Kendra hits the gnoll sergeant with a +0 flail!
The gnoll sergeant dies!
Unknown command.
Unknown command.
Unknown command.
Unknown command.
Blink to where?
Press: ? - help, Dir - move target
As you read the scroll of blinking, it crumbles to dust.
Okay, then.
Okay, then.
Cast which spell? (? or * to list)
You feel quick.
Kendra hits the orc with a +0 flail!
The orc dies!
You miss the killer bee. The killer bee completely misses you.
You barely miss the killer bee. The killer bee barely misses you. x2
You hit the killer bee.
The killer bee begins to glow.
The killer bee is lightly wounded.
The killer bee misses you. x2
You hit the killer bee.
The killer bee glows dangerously bright.
The killer bee is moderately wounded.
The killer bee closely misses you. The killer bee stings you!
You die...

######..# #...###...
##.# ##..####.. #.#
### #..#.###. #.####.#
##.#).### ##..#..##
#.))..## ###.....##
#.#....# ##..##...#
##.#..... ##.#####..#
#..##.... #.## #.p#
#..###... #.# ##y#
#..#####' #.# #o#
#........ #.# #R##
#..##..## #.#
#..########....## #.#
#........#####.# ###
##..........###.###
##)[).###.≈≈.≈≈≈≈≈≈≈
###.)>...#.≈≈~≈≈~~~~~~


You could see the friendly Kendra the knight, an orc warrior (ally target) and a
killer bee (heavy contam).

Vanquished Creatures
  Pikel (D:4)
  The ghost of kasel the Cleaver, a novice FoFi (D:6)
  A wyvern (D:7)
  A steam dragon (D:5)
  Menkaure (D:4)
  Edmund (D:6)
  2 water moccasins
  Duvessa (D:5)
  A sky beast (D:7)
  2 black bears
  A centaur (D:7)
  6 ogres
  A phantom (D:4)
  A lemure (D:3)
  A bullfrog (D:7)
  3 scorpions
  6 wights
  Dowan (D:5)
  3 howler monkeys
  4 hounds
  4 jellies
  Crazy Yiuf (D:5)
  A bombardier beetle (D:3)
  2 orc priests (D:7)
  5 iguanas
  A sleepcap (D:7)
  6 orc wizards
  Robin (D:3)
  3 gnolls (D:7)
  12 adders
  3 river rats (D:4)
  A white imp (D:5)
  4 dart slugs
  3 ribbon worms
  14 orcs
  5 endoplasms
  2 giant cockroaches
  18 goblins
  6 hobgoblins
  5 jackals
  6 quokkas
  9 ball pythons
  5 bats
  6 kobolds
  6 rats
168 creatures vanquished.

Vanquished Creatures (collateral kills)
  Maggie (D:7)
  A wyvern (D:7)
  A water moccasin (D:7)
  A centaur (D:7)
  A gnoll sergeant (D:7)
  A scorpion (D:7)
  3 wights
  3 killer bees (D:7)
  2 howler monkeys (D:7)
  A hound (D:7)
  A sleepcap (D:7)
  An iguana (D:7)
  6 orcs
23 creatures vanquished.

Vanquished Creatures (others)
  An orc wizard (D:5)
  An ancestor (D:7)
2 creatures vanquished.

Grand Total: 193 creatures vanquished

Notes
Turn   | Place    | Note
-------+----------+-------------------------------------------
     0 | D:1      | thederpypig the Draconian Shapeshifter began the quest for
                  | the Orb.
     0 | D:1      | Reached XP level 1. HP: 16/16 MP: 1/1
    33 | D:1      | Reached XP level 2. HP: 17/23 MP: 2/2
   841 | D:2      | Reached XP level 3. HP: 28/28 MP: 3/3
  1363 | D:2      | Identified the +1 robe "Fecoenoj" {^Contam Str-5 Int+5
                  | Slay+3}
  1586 | D:3      | Reached skill level 1 in Air Magic
  1637 | D:3      | Reached XP level 4. HP: 28/35 MP: 4/4
  1787 | D:3      | Noticed Robin
  1826 | D:3      | Killed Robin
  1827 | D:3      | Reached skill level 4 in Shapeshifting
  1832 | D:3      | HP: 1/35 [orc/+0 short sword (4)]
  1923 | D:3      | Reached XP level 5. HP: 31/40 MP: 5/5
  2202 | D:3      | Found a faded altar of an unknown god.
  2206 | D:3      | Found a hide-covered altar of Uskayaw.
  2563 | D:4      | Found Xyexin's Distillery.
  2635 | D:4      | Bought a potion of mutation for 112 gold pieces
  2635 | D:4      | Gained mutation: Your muscles are strong. (Str +4, Int/Dex
                  | -1) [potion of mutation]
  2635 | D:4      | Gained mutation: You are dopey. (Int -2) [potion of
                  | mutation]
  2636 | D:4      | Lost mutation: You are dopey. (Int -2) [potion of mutation]
  2636 | D:4      | Lost mutation: Your muscles are strong. (Str +4, Int/Dex
                  | -1) [potion of mutation]
  2636 | D:4      | Gained mutation: Your muscles are strong. (Str +4, Int/Dex
                  | -1) [potion of mutation]
  2680 | D:4      | Found Peadwime's General Store.
  2692 | D:4      | Bought a scroll of identify for 22 gold pieces
  2700 | D:4      | Noticed Pikel
  2700 | D:4      | Noticed a lemure
  2700 | D:4      | Noticed a lemure
  2700 | D:4      | Noticed a lemure
  2701 | D:4      | Noticed a lemure
  2740 | D:4      | Noticed a phantom
  2758 | D:3      | Killed a lemure
  2953 | D:4      | Killed a phantom
  2963 | D:4      | Reached XP level 6. HP: 24/47 MP: 6/6
  2968 | D:4      | HP: 1/47 [Pikel/+1 whip of flaming (2)]
  2982 | D:4      | Killed Pikel
  2983 | D:4      | Reached skill level 5 in Shapeshifting
  2983 | D:4      | Your scales start taking on a golden yellow colour.
  2983 | D:4      | Reached XP level 7. HP: 40/52 MP: 7/7
  2983 | D:4      | Gained mutation: You are resistant to acid. (rCorr) [Yellow
                  | Draconian growth]
  3050 | D:4      | Reached skill level 5 in Air Magic
  3050 | D:4      | Reached skill level 6 in Shapeshifting
  3123 | D:4      | Found Tephoqog's Armour Boutique.
  3466 | D:4      | Noticed Menkaure
  3472 | D:4      | Killed Menkaure
  3473 | D:4      | Reached XP level 8. HP: 45/59 MP: 8/8
  3711 | D:5      | Entered Level 5 of the Dungeon
  3960 | D:5      | Found a hazy altar of Hepliaklqana.
  4005 | D:4      | Reached skill level 7 in Shapeshifting
  4117 | D:5      | Became a worshipper of Hepliaklqana the Forgotten
  4486 | D:5      | Noticed Dowan
  4506 | D:5      | Killed Dowan
  4507 | D:5      | Reached skill level 8 in Shapeshifting
  4606 | D:5      | Noticed Duvessa
  4618 | D:5      | Killed Duvessa
  4619 | D:5      | Reached XP level 9. HP: 17/64 MP: 9/9
  4823 | D:5      | Found an ornate altar of the Wu Jian Council.
  5178 | D:5      | Found a runed translucent door.
  5179 | D:5      | Noticed Crazy Yiuf
  5185 | D:5      | Killed Crazy Yiuf
  5310 | D:6      | Found a staircase to the Ecumenical Temple.
  5376 | D:6      | Reached * piety under Hepliaklqana
  5662 | D:6      | Noticed kasel's ghost (novice FoFi)
  5725 | D:6      | Learned a level 3 spell: Swiftness
  5739 | D:6      | Found a runed translucent door.
  5991 | D:6      | Noticed Edmund
  6000 | D:6      | Killed Edmund
  6001 | D:6      | Reached skill level 5 in Unarmed Combat
  6119 | D:6      | Found a sacrificial altar of Ru.
  6461 | D:6      | Killed kasel's ghost
  6462 | D:6      | Reached skill level 9 in Shapeshifting
  6938 | D:7      | Reached XP level 10. HP: 60/63 MP: 10/10
  7495 | D:7      | Noticed Maggie
  7511 | D:7      | Killed Maggie
  7512 | D:7      | Reached skill level 10 in Shapeshifting
  7671 | D:7      | Found a shadowy altar of Dithmenos.
  7860 | D:7      | Reached ** piety under Hepliaklqana
  7861 | D:7      | Remembered your ancestor Kendra as a knight
  8145 | D:7      | Learned a level 6 spell: Death Channel
  8390 | D:7      | Reached skill level 1 in Necromancy
  9046 | D:7      | Slain by a killer bee

Illustrated notes

Levels and vault maps discovered:
D:1:      minmay_arrival_four_circles, layout_loops_cross, serial_bayou,
          serial_bayou_pond_e, serial_bayou_lake_a, serial_bayou_pond_c,
          serial_bayou_crossing
D:2:      layout_basic, minmay_tetromino_l4
D:3:      layout_loops_ring, nicolae_overflow_ecumenical_swirl, uniq_robin
D:4:      layout_basic, serial_shops, shop, nicolae_shop_industrial_runoff,
          shop, lightli_sewer_entry_pipes, uniq_pikel, uniq_menkaure
D:5:      minmay_angry_zag, layout_rooms, old_standard_altar,
          mainiacjoe_overflow_alcove_1, uniq_crazy_yiuf_cottage, uniq_duvessa
D:6:      layout_basic, nicolae_ru_path_of_blood, minmay_temple_entry_fiery,
          hellmonk_ghost_happy_afterlife, kennysheep_generic_room_3, uniq_edmund
D:7:      nicolae_whirlpool, layout_layer_cave, grunt_dithmenos_smoke,
          minmay_quadrilaterals, uniq_maggie
D:8:      layout_cave_pools, mainiacjoe_overflow_alcove_2, erik_lair_dragon,
          serial_gnoll_camp, gnoll_camp_mini_house, gnoll_camp_mini_hut,
          grums_kennel, gnoll_camp_medium_02, gnoll_camp_mini_doghouse,
          gnoll_camp_mini_basic

Skill      XL: |  1  2  3  4  5  6  7  8  9 10 |
---------------+-------------------------------+-----
Air Magic      | 1 3 4 5 7 8 |  8.4
Unarmed Combat | 4 6 7 |  7.4
Shapeshifting  | 4 5 6 8 9 10 | 10.5
Necromancy     | 2 |  2.3
Fighting       | |  1.1
Dodging        | |  1.7

Action                     |  1- 3 |  4- 6 |  7- 9 | 10-12 || total
---------------------------+-------+-------+-------+-------++-------
  Melee: Unarmed           |   101 |   143 |   334 |   110 ||   688
         Tailslap          |    10 |    16 |    61 |    20 ||   107
         Punch             |       |     1 |     3 |       ||     4
   Cast: Swiftness         |       |       |       |     1 ||     1
 Invoke: Recall Ancestor   |       |       |       |     1 ||     1
         Ancestor Life: Kn |       |       |       |     1 ||     1
Ability: Breathe Acid      |       |       |     3 |     3 ||     6
    Use: Potion            |       |     5 |       |     1 ||     6
         Scroll            |       |     3 |     1 |     1 ||     5
   Stab: Sleeping          |     1 |     1 |       |       ||     2
         Distracted        |       |       |     1 |     1 ||     2
 Armour: Skin              |    59 |    74 |   152 |   119 ||   404
  Dodge: Dodged            |    64 |    82 |   264 |   169 ||   579
   Form: Flux              |       |       |     1 |       ||     1

Table legend: (Time is in decaauts)
 A = Elapsed time spent in this place.
 B = Non-inter-level travel time spent in this place.
 C = Inter-level travel time spent in this place.
 D = Time resting spent in this place.
 E = Time spent auto-exploring this place.
 F = Levels seen in this place.
 G = Mean time per level.
                   A        B        C        D        E       F      G
               +--------+--------+--------+--------+--------+-----+--------+
         Total |   9088 |   8836 |    252 |   1334 |   5942 |   8 | 1136.0 |
       Dungeon |   9088 |   8836 |    252 |   1334 |   5942 |   8 | 1136.0 |
               +--------+--------+--------+--------+--------+-----+--------+

Top non-repeatable levels by time:
     D:7: 2419 daAuts
     D:6: 1381 daAuts
     D:4: 1365 daAuts
     D:5: 1317 daAuts
     D:3: 1034 daAuts
     D:1: 870 daAuts
     D:2: 672 daAuts
     D:8: 26 daAuts
